 Dungeon Crawl Stone Soup version 0.30.0-29-ga12c61a403 (webtiles) character file.

Game seed: 5438000421497534173

67 Heoruswealwe the Caller (level 3, -7/19 HPs)
             Began as a Deep Elf Summoner on June 14, 2023.
             Killed by divine providence
             ... invoked by an orc priest
              (13 damage)
             ... on level 4 of the Dungeon.
             The game lasted 00:23:03 (2166 turns).

Heoruswealwe the Caller (Deep Elf Summoner)         Turns: 2166, Time: 00:23:03

Health: -7/19      AC:  2    Str:  5    XL:     3   Next: 98%
Magic:  11/11      EV: 12    Int: 27    God:
Gold:   132        SH:  0    Dex: 15    Spells: 2/11 levels left

rFire   . . .        (no weapon)
rCold   . . .        (no shield)
rNeg    . . .        c - +0 robe
rPois   .            (no helmet)
rElec   .            (no cloak)
rCorr   .            (no gloves)
SInv    .            (no boots)
Will    .....        (no amulet)
Stlth   ++           k - +6 ring of intelligence
HPRegen 0.23/turn    (no ring)
MPRegen 0.12/turn

%: no passive effects
@: no status effects
A: no striking features
a: no special abilities


You were on level 4 of the Dungeon.
You visited 1 branch of the dungeon, and saw 4 of its levels.

You collected 132 gold pieces.

Inventory:

Armour
 c - a +0 robe (worn)
 o - a +0 robe
Magical Staves
 p - a staff of air
Jewellery
 k - a +6 ring of intelligence (left hand)
Wands
 m - a wand of flame (24)
Scrolls
 e - a scroll of enchant armour {unknown}
 f - a scroll of enchant weapon {unknown}
 g - 3 scrolls of teleportation
 j - a scroll of blinking {unknown}
 l - a scroll of magic mapping {unknown}
 n - a scroll of summoning {unknown}
Potions
 a - a potion of lignification {unknown}
 b - a potion of magic
 d - a potion of cancellation {unknown}
 h - a potion of invisibility {unknown}
 i - 2 potions of curing {unknown}


   Skills:
 - Level 2.4 Dodging
 - Level 2.4 Stealth
 + Level 4.6 Spellcasting
 + Level 5.3 Summonings


You had 2 spell levels left.
You knew the following spells:

 Your Spells              Type           Power      Damage    Failure   Level
a - Summon Small Mammal   Summ           100%       N/A       1%          1
b - Call Imp              Summ           70%        N/A       1%          2
c - Call Canine Familiar  Summ           35%        N/A       2%          3
d - Summon Guardian Gole  Hex/Summ       20%        N/A       8%          3

Your spell library contained the following spells:

 Spells                   Type           Power      Damage    Failure   Level
 Hailstorm                Conj/Ice       6%         3d4       22%         3
 Summon Lightning Spire   Summ/Air       20%        N/A       24%         4
 Ice Form                 Ice/Tmut       6%         N/A       58%         4
 Simulacrum               Ice/Necr       3%         N/A       100%        6


Dungeon Overview and Level Annotations

Branches:
Dungeon (4/15)
 Temple: D:4-7

Altars:
Ru
Trog

Shops:
D:4 ?


Message History

Done exploring.
Done exploring.
Done exploring.
Done exploring.
Done exploring.
Done exploring.
Search for what [Enter for "."]? .
As you read the scroll labelled WAEXTY OLUSO, it crumbles to dust.
You feel strangely unstable.
It was a scroll of teleportation.
Your surroundings suddenly seem different.
Okay, then.
There is an escape hatch in the floor here.
You slide downwards.
The hatch slams shut behind you.
The orc priest shouts!
The orc shouts! x2; The orc priest shouts! x2
The orc wizard shouts!
The orc shouts! x2; You hear a shout!
Found 33 gold pieces, a rapier and a fluorescent wand.
Found Joqiubb's Magic Scroll Emporium.
The orc attacks as you move away! The orc barely misses you.
Found a stone staircase leading down.
Found 2 smoky sapphire potions.
The orc priest miscasts a cantrip.
The orc priest invokes the aid of Beogh against you.
Beogh smites you!
Ouch! That really hurt!
The orc hits you but does no damage.
The orc priest begins to cast a cantrip, but forgets the words!
The orc attacks as you move away! The orc hits you with a +0 dagger.
* * * LOW HITPOINT WARNING * * *
The orc attacks as you move away! The orc closely misses you.
The orc priest looks satisfied for a moment.
The orc wizard casts a spell.
The orc wizard flickers and vanishes!
Deactivating autopickup; reactivate with Ctrl-A.
You hear a shout!
The orc attacks as you move away! The orc barely misses you.
The orc attacks as you move away! The orc misses you.
The orc priest calls down the wrath of Beogh upon you.
Beogh smites you!
Ouch! That really hurt!
You die...

#../.........
.##.$.......... ##
.......o...... .#
#.$.......... ..
##............ #.
#∩..o$.......) #.
#..#..........
#.####.##.o{.o...#.###
#......@.o.oo.####
...########o........
......###.# #.......#
#......># #.......#
.........# ..!........


You could see 2 orc priests and 5 orcs.

Vanquished Creatures
  A rat (D:1)
1 creature vanquished.

Vanquished Creatures (collateral kills)
  An adder (D:3)
  A gnoll (D:1)
  2 dart slugs (D:1)
  5 bats
  2 endoplasms (D:3)
  A giant cockroach (D:2)
  5 goblins
  7 hobgoblins
  4 quokkas
  2 ball pythons
  6 kobolds
  3 rats
39 creatures vanquished.

Grand Total: 40 creatures vanquished

Notes
Turn   | Place    | Note
-------+----------+-------------------------------------------
     0 | D:1      | Heoruswealwe the Deep Elf Summoner began the quest for the
                  | Orb.
     0 | D:1      | Reached XP level 1. HP: 10/10 MP: 6/6
   208 | D:1      | Reached XP level 2. HP: 15/15 MP: 1/8
   211 | D:1      | Learned a level 2 spell: Call Imp
   793 | D:2      | Reached skill level 5 in Summonings
   793 | D:2      | Reached XP level 3. HP: 19/19 MP: 8/10
   797 | D:2      | Learned a level 3 spell: Call Canine Familiar
   801 | D:2      | Learned a level 3 spell: Summon Guardian Golem
  1130 | D:2      | Found a bloodstained altar of Trog.
  1537 | D:3      | Found a sacrificial altar of Ru.
  1747 | D:3      | Found a faded altar of an unknown god.
  2159 | D:4      | Found Joqiubb's Magic Scroll Emporium.
  2166 | D:4      | Killed from afar by an orc priest

Illustrated notes

Levels and vault maps discovered:
D:1:      nzn_arrival_crosshair, layout_basic
D:2:      layout_rooms, basic_altar
D:3:      layout_basic, nicolae_ru_sacrificial_ziggurat,
          chequers_ecumenical_altar_simple_redux, minivault_26
D:4:      layout_rooms, minmay_temple_entry_overgrown, serial_shops,
          nicolae_stop_n_shop_2, shop, nicolae_shop_waterfront, shop, shop,
          minmay_hedge_maze

Skill      XL: |  1  2 |
---------------+-------+-----
Spellcasting   | 4 |  4.6
Summonings     | 5 |  5.3
Dodging        | |  2.4
Stealth        | |  2.4

Action                     || total
---------------------------++-------
  Melee: Unarmed           ||    12
   Cast: Summon Small Mamm ||    26
         Call Canine Famil ||     6
    Use: Scroll            ||     1
 Armour: Robe              ||     7
  Dodge: Dodged            ||    38
